 Dungeon Crawl Stone Soup version 0.29.1-2-gbd0b4ee654 (webtiles) character file.

Game seed: 18316088705499971492

62 jamesblauser the Shooter (level 3, 0/31 HPs)
             Began as a Minotaur Hunter on Nov 8, 2022.
             Was a Follower of the Shining One.
             Slain by Crazy Yiuf
             ... wielding a +4 quarterstaff of chaos
              (9 damage)
             ... on level 2 of the Dungeon.
             The game lasted 00:07:34 (1824 turns).

jamesblauser the Shooter (Minotaur Hunter)          Turns: 1824, Time: 00:07:37

Health: 0/31       AC:  3    Str: 17    XL:     3   Next: 85%
Magic:  0/2        EV: 12    Int:  6    God:    the Shining One [*.....]
Gold:   68         SH:  0    Dex: 13    Spells: 2/2 levels left

rFire   . . .      SeeInvis .   d - +3 short sword (elec)
rCold   . . .      Faith    .   (no shield)
rNeg    . . .      Spirit   .   c - +0 leather armour
rPois   .          Reflect  .   (helmet restricted)
rElec   .          Harm     .   (no cloak)
rCorr   .          Rampage  .   (no gloves)
Will    .....                   (no boots)
Stlth   +.........              (no amulet)
HPRegen 0.10/turn               (no ring)
MPRegen 0.08/turn               (no ring)

@: glowing
A: horns 2, retaliatory headbutt
a: Renounce Religion, Divine Shield


You were on level 2 of the Dungeon.
You worshipped the Shining One.
The Shining One was aware of your devotion.
You visited 1 branch of the dungeon, and saw 2 of its levels.

You collected 68 gold pieces.

Inventory:

Hand Weapons
 a - a +0 shortbow
 d - a +3 short sword of electrocution (weapon)
Armour
 c - a +0 leather armour (worn)
Scrolls
 e - 2 scrolls of immolation
Potions
 b - a potion of invisibility
 f - 2 potions of flight
 g - a potion of attraction {unknown}


   Skills:
 + Level 3.0 Fighting
 + Level 0.2 Short Blades
 + Level 5.5 Ranged Weapons
 + Level 0.6 Armour
 + Level 2.4 Dodging
 + Level 0.7 Stealth


You had 2 spell levels left.
You didn't know any spells.
Your spell library was empty.

Dungeon Overview and Level Annotations

Branches:
Dungeon (2/15)

Altars:
Gozag
The Shining One

Annotations:
D:2 Crazy Yiuf


Innate Abilities, Weirdness & Mutations

You have a pair of horns on your head.
You reflexively headbutt those who attack you in melee.


Message History

The bat misses you. The goblin misses you.
You hit the goblin.
You kill the goblin!
The bat hits you but does no damage.
You hit the bat. You headbutt the bat.
You kill the bat!
Things that are here:
a +0 club; a goblin corpse
g - a coppery potion
There is an opulent altar of Gozag here.
Found a whip.
Things that are here:
a +0 club; a goblin corpse
f - 2 potions of flight (gained 1)
A kobold comes into view. It is wielding a +0 club.
The kobold shouts!
The kobold hits you with a +0 club.
You closely miss the kobold.
You headbutt the kobold, but do no damage.
The kobold hits you but does no damage.
You hit the kobold.
You kill the kobold!
You see here a +0 club.
Found an escape hatch in the floor.
You see here a +0 club.
You see here a dart slug corpse.
Found a hammer.
Found a runed translucent door.
Crazy Yiuf shouts!
You open the door. You barely miss Crazy Yiuf. Crazy Yiuf closely misses you.
You hit Crazy Yiuf.
Crazy Yiuf is moderately wounded.
Crazy Yiuf hits you with a +4 quarterstaff of chaos!
You hit Crazy Yiuf.
Crazy Yiuf is severely wounded.
Crazy Yiuf hits you with a +4 quarterstaff of chaos!
* * * LOW HITPOINT WARNING * * *
You feel your power leaking away.
Crazy Yiuf hits you with a +4 quarterstaff of chaos!
You die...

######## #######..............
#....####.##### #....# #.#
###### #.# #.# # ##♣♣♣♣♣ ####.#
# ###.P.♣.♣♣♣ ### #....##### #
###......♣..♣#...# #........#
#.....P.♣♣♣♣@g...# #.######.#
#.#.#.P♣♣ ♣♣#..)# ##.## ##.#
#.####♣♣ ### ##.# #..# ## #.#
##†.# #~#. .####.# #.#.# #~##
......##################.#.###~#
#####.#.....................#~~#
# #.#.##########.#.....#.##~~# #
#...##########.#.....#.##~~##


You could see Crazy Yiuf.

Vanquished Creatures
  4 dart slugs
  3 ball pythons
  5 bats
  6 endoplasms (D:1)
  6 goblins
  4 hobgoblins
  3 jackals (D:2)
  5 kobolds
  3 quokkas
  4 frilled lizards
  3 rats
46 creatures vanquished.

Notes
Turn   | Place    | Note
-------+----------+-------------------------------------------
     0 | D:1      | jamesblauser the Minotaur Hunter began the quest for the
                  | Orb.
     0 | D:1      | Reached XP level 1. HP: 18/18 MP: 0/0
    35 | D:1      | Found a faded altar of an unknown god.
    44 | D:1      | Reached XP level 2. HP: 25/25 MP: 1/1
    50 | D:1      | Reached skill level 5 in Ranged Weapons
   178 | D:1      | Prayed at the altar of an unknown god.
   178 | D:1      | Became a worshipper of the Shining One
   178 | D:1      | Reached * piety under the Shining One
   349 | D:1      | Reached XP level 3. HP: 30/30 MP: 2/2
  1600 | D:2      | Found an opulent altar of Gozag.
  1817 | D:2      | Found a runed translucent door.
  1818 | D:2      | Noticed Crazy Yiuf
  1824 | D:2      | Slain by Crazy Yiuf

Illustrated notes

Levels and vault maps discovered:
D:1:      lemuel_arrival_behind_the_door_large, layout_basic,
          hellmonk_ecumenical_altar_blasted, chequers_arboretum
D:2:      minmay_wonky_spiral, layout_loops_ring, serial_rivers,
          chequers_serial_rivers_micro_d, chequers_serial_rivers_marsh,
          chequers_serial_rivers_small_a, chequers_serial_rivers_micro_c,
          chequers_serial_rivers_large_b, chequers_serial_rivers_small_b,
          basic_altar, uniq_crazy_yiuf_cottage

Skill      XL: |  1  2  3 |
---------------+----------+-----
Ranged Weapons | 5 |  5.5
Fighting       | 3 |  3.0
Short Blades   | |  0.2
Armour         | |  0.6
Dodging        | |  2.4
Stealth        | |  0.7

Action                   || total
-------------------------++-------
Melee: Short sword       ||    52
       Headbutt          ||     8
 Fire: Shortbow          ||    26
  Use: Potion            ||     4
       Scroll            ||     3
Armor: Leather armour    ||    16
Dodge: Dodged            ||    54
